 Dungeon Crawl Stone Soup version 0.20.1-1-g8b1a95d (webtiles) character file.

760 Lysie the Cleaver (level 7, -1/57 HPs)
             Began as a Minotaur Fighter on Aug 31, 2017.
             Was a Follower of Okawaru.
             Slain by Duvessa
             ... wielding a +2 rapier of flaming
              (16 damage)
             ... on level 4 of the Dungeon.
             The game lasted 00:09:39 (3865 turns).

Lysie the Cleaver (Minotaur Fighter)                Turns: 3865, Time: 00:09:40

Health: -1/57      AC:  8    Str: 27    XL:     7   Next: 50%
Magic:  6/6        EV: 14    Int:  5    God:    Okawaru [*.....]
Gold:   146        SH: 11    Dex: 15    Spells: 6/6 levels left

rFire    . . .     SeeInvis +   a - +0 war axe
rCold    . . .     Gourm    .   c - +0 shield
rNeg     . . .     Faith    .   b - +1 scale mail
rPois    .         Spirit   .   u - +0 hat
rElec    .         Reflect  .   (no cloak)
rCorr    .         Harm     .   (no gloves)
MR       .....                  (no boots)
Stlth    ++........             (no amulet)
Regen    0.2/turn               h - ring of see invisible
MPRegen  0.1/turn               o - ring of stealth

@: mighty, agile, flying
A: retaliatory headbutt, horns 2
a: Heroism, Renounce Religion


You were on level 4 of the Dungeon.
You worshipped Okawaru.
Okawaru was aware of your devotion.
You were near starving.

You visited 2 branches of the dungeon, and saw 5 of its levels.
You also visited: Sewer.

You collected 146 gold pieces.

Inventory:

Hand Weapons
 a - a +0 war axe (weapon)
Armour
 b - a +1 scale mail (worn)
 c - a +0 shield (worn)
 u - a +0 hat (worn)
Jewellery
 e - a +3 ring of protection {unknown}
 h - a ring of see invisible (left hand)
 o - a ring of stealth (right hand)
 r - a cursed ring of loudness {unknown}
Scrolls
 i - 2 scrolls of immolation
 m - a scroll of teleportation {unknown}
 n - a scroll of enchant armour
Potions
 d - a potion of might
 g - a potion of degeneration {unknown}
 k - a potion of mutation {unknown}
 l - 3 potions of curing
 p - a potion of agility
 q - 2 potions of lignification {unknown}
 s - 4 potions of flight
 t - 6 potions of heal wounds {unknown}
Books
 v - a book of Minor Magic

   Spells                             Type                      Level
   a - Magic Dart                     Conjuration                  1
   b - Blink                          Translocation                2
   c - Call Imp                       Summoning                    2
   d - Slow                           Hexes                        2
   e - Conjure Flame                  Conjuration/Fire             3
   f - Mephitic Cloud                 Conjuration/Poison/Air       3
Comestibles
 f - 3 bread rations
 j - 2 royal jellies
 w - a meat ration


   Skills:
 - Level 3.6 Fighting
 - Level 8.5 Axes
 + Level 5.4 Armour
 + Level 1.4 Dodging
 + Level 5.0 Shields


You had 6 spell levels left.
You didn't know any spells.

Dungeon Overview and Level Annotations

Branches:
Dungeon (4/15)             Temple (1/1) D:4

Altars:
Ashenzari
Cheibriados
Dithmenos
Elyvilon
Gozag
Kikubaaqudgha
Okawaru
Qazlal
Sif Muna
Trog
Xom
Yredelemnul
Zin
The Shining One

Annotations:
D:4 Duvessa


Innate Abilities, Weirdness & Mutations

You reflexively headbutt those who attack you in melee.
You have a pair of horns on your head.


Message History

a dagger; a robe; a ruby potion
Okay, then.
It was a potion of flight.
You feel very buoyant.
You fly up into the air.
Duvessa hits you with a rapier of flaming.
* * * LOW HITPOINT WARNING * * *
Duvessa burns you.
* * * LOW HITPOINT WARNING * * *
You block Duvessa's attack.
You feel better.
Duvessa hits you with a rapier of flaming.
* * * LOW HITPOINT WARNING * * *
Duvessa burns you.
* * * LOW HITPOINT WARNING * * *
It was a potion of agility.
You feel agile all of a sudden. You block Duvessa's attack.
Duvessa hits you with a rapier of flaming!
You die...

#.......#......######+##
#.......#......#......##
........#####'###......#.......#
........#.......#......#.......#
........#.......#......'.......#
........#.......#......#.......#
........#.......#......#......##
........#.....e.#......##'######
........#######@#......#........
.......................#........
.................####+##........
.................#..............
.................#..............
.................#..............
.................#...รท(>........
.................'....##########
.....<...........#....##......##


You could see Duvessa (berserk).

Vanquished Creatures
  A phantom (D:4)
  An ogre (D:4)
  A big kobold (Sewer)
  Dowan (D:4)
  A crimson imp (D:4)
  A hound (D:4)
  A bullfrog skeleton (D:4)
  Natasha (D:3)
  A worker ant (D:4)
  15 adders
  7 river rats
  2 oozes
  A worm (D:2)
  4 dart slugs
  2 leopard geckos (D:1)
  An orc (D:3)
  15 ball pythons
  A giant cockroach (D:1)
  5 goblins
  9 hobgoblins
  23 kobolds
  3 quokkas
  5 bats
  5 frilled lizards
  32 rats
139 creatures vanquished.

Notes
Turn   | Place    | Note
-------+----------+-------------------------------------------
     0 | D:1      | Lysie the Minotaur Fighter began the quest for the Orb.
     0 | D:1      | Reached XP level 1. HP: 19/19 MP: 0/0
    64 | D:1      | Reached skill level 3 in Axes
    67 | D:1      | Reached XP level 2. HP: 22/26 MP: 1/1
   235 | D:1      | Reached skill level 4 in Axes
   317 | D:1      | Reached XP level 3. HP: 29/31 MP: 2/2
   743 | D:2      | Found a glowing silver altar of Zin.
   779 | D:2      | Reached skill level 5 in Axes
   883 | D:2      | Reached XP level 4. HP: 31/39 MP: 3/3
  1174 | D:3      | Noticed Natasha
  1176 | D:3      | Killed Natasha
  1176 | D:3      | Reached skill level 6 in Axes
  1207 | D:3      | Reached XP level 5. HP: 41/45 MP: 4/4
  1342 | D:3      | Reached skill level 7 in Axes
  1470 | D:3      | Found a glowing drain.
  1478 | Sewer    | Entered a sewer
  1528 | Sewer    | Reached XP level 6. HP: 32/51 MP: 5/5
  1571 | Sewer    | Reached skill level 8 in Axes
  2826 | D:4      | Found a staircase to the Ecumenical Temple.
  2838 | Temple   | Entered the Ecumenical Temple
  3180 | Temple   | Became a worshipper of Warmaster Okawaru
  3453 | D:4      | Found a snail-covered altar of Cheibriados.
  3466 | D:4      | Reached skill level 1 in Dodging
  3466 | D:4      | Reached XP level 7. HP: 57/57 MP: 6/6
  3704 | D:4      | Reached skill level 5 in Armour
  3839 | D:4      | Noticed Dowan
  3840 | D:4      | Noticed Duvessa
  3860 | D:4      | Killed Dowan
  3860 | D:4      | Reached * piety under Okawaru
  3860 | D:4      | Reached skill level 5 in Shields
  3865 | D:4      | Slain by Duvessa

Skill      XL: |  1  2  3  4  5  6  7 |
---------------+----------------------+-----
Axes           | 3 4 5 6 7 8 |  8.5
Armour         | 4 5 |  5.4
Shields        | 4 5 |  5.0
Dodging        | 1 |  1.4
Fighting       | |  3.6

Action                   |  1- 3 |  4- 6 |  7- 9 || total
-------------------------+-------+-------+-------++-------
Melee: War axe           |    78 |   193 |    26 ||   297
       Headbutt          |     7 |    29 |     4 ||    40
  Use: Scroll            |     4 |       |       ||     4
       Potion            |       |     2 |     4 ||     6
  Eat: Chunk             |       |     6 |       ||     6
       Royal jelly       |       |     1 |       ||     1
Armor: Scale mail        |    33 |    78 |     4 ||   115
Dodge: Dodged            |    24 |    65 |    11 ||   100
Block: Shield            |    39 |    92 |    11 ||   142
